[ AOE2 MATCH · #506888324 ]
UnrankedRomans vs Incas
Player's team · WIN
Rival team · LOSS
[ REPLAY ANALYSIS · EXTRACTED FROM THE RECORDED GAME ]
Feudal
8:50
Castle
19:16
Imperial
35:49
| APM avg | 61.4 |
| APM peak | 103 |
| eAPM avg | 27.2 |
| Villagers / military | 114 / 69 |
Focus
⚔️ 42.6% · 🌾 57.4%
Knight ×39 · Skirmisher ×12 · Scorpion ×9 · Scout Cavalry ×5 · Monk ×3 · Cavalry Archer ×1
Feudal
11:29
Castle
16:33
Imperial
—
| APM avg | 60.2 |
| APM peak | 95 |
| eAPM avg | 30.3 |
| Villagers / military | 101 / 54 |
Focus
⚔️ 47.4% · 🌾 52.6%
Unknown (2550) ×46 · Kamayuk ×25 · Archer ×18 · Monk ×9 · Spearman ×2
Match map
Initial resources + every placement click. Lines = walls · curves = elevation contours. ◆ gold · ⬟ stone · ● berries · ✦ relic · ◌ wall gap
Your base· ✓ Closed at 19:16 · 47t walls · no gate
hK | Keno_'s base· Open — unwalled flank
Smoothed initial terrain · ◌ = detected wall gap · hover for details
Inputs per minute
— bruh - - hK | Keno_
Build order — bruh
First 150 of 370 actions detected
| 0:00 | Queue | Villager (Male) |
| 0:01 | Queue | Villager (Male) |
| 0:01 | Queue | Villager (Male) |
| 0:02 | Build | House |
| 0:02 | Build | House |
| 0:23 | Queue | Villager (Male) |
| 0:23 | Queue | Villager (Male) |
| 1:28 | Queue | Villager (Male) |
| 1:28 | Queue | Villager (Male) |
| 1:58 | Queue | Villager (Male) |
| 2:09 | Queue | Villager (Male) |
| 2:09 | Queue | Villager (Male) |
| 2:15 | Build | Lumber Camp |
| 2:42 | Queue | Villager (Male) |
| 2:42 | Queue | Villager (Male) |
| 2:54 | Queue | Villager (Male) |
| 3:22 | Queue | Villager (Male) |
| 3:22 | Queue | Villager (Male) |
| 3:44 | Queue | Villager (Male) |
| 3:44 | Queue | Villager (Male) |
| 3:50 | Build | House |
| 3:52 | Build | Palisade Wall |
| 4:00 | Queue | Villager (Male) |
| 4:26 | Queue | Villager (Male) |
| 4:49 | Build | Mill |
| 5:10 | Queue | Villager (Male) |
| 5:28 | Queue | Villager (Male) |
| 5:28 | Research | Loom |
| 6:36 | Research | Feudal Age |
| 7:37 | Build | Barracks |
| 7:40 | Build | House |
| 7:43 | Build | Palisade Wall |
| 7:45 | Build | Palisade Wall |
| 8:44 | Build | Palisade Wall |
| 8:50 | Age | Feudal Age |
| 8:53 | Queue | Villager (Male) |
| 9:02 | Build | Stable |
| 9:11 | Queue | Villager (Male) |
| 9:22 | Research | Double-Bit Axe |
| 9:23 | Research | Double-Bit Axe |
| 9:25 | Build | House |
| 9:36 | Queue | Villager (Male) |
| 9:41 | Build | Farm |
| 9:44 | Build | Farm |
| 9:49 | Build | Palisade Wall |
| 9:52 | Build | Palisade Wall |
| 9:56 | Queue | Villager (Male) |
| 9:57 | Queue | Scout Cavalry |
| 9:57 | Queue | Scout Cavalry |
| 10:06 | Build | House |
| 10:10 | Build | Palisade Wall |
| 10:12 | Queue | Villager (Male) |
| 10:18 | Build | Palisade Wall |
| 10:35 | Queue | Scout Cavalry |
| 10:38 | Queue | Villager (Male) |
| 10:40 | Build | Farm |
| 10:41 | Build | Farm |
| 10:47 | Build | Palisade Wall |
| 11:04 | Build | House |
| 11:05 | Queue | Villager (Male) |
| 11:08 | Build | Farm |
| 11:15 | Queue | Villager (Male) |
| 11:23 | Queue | Scout Cavalry |
| 11:27 | Build | Farm |
| 11:29 | Build | Farm |
| 11:33 | Build | House |
| 11:39 | Build | Palisade Wall |
| 11:42 | Queue | Villager (Male) |
| 11:50 | Build | House |
| 11:59 | Queue | Scout Cavalry |
| 12:06 | Build | Farm |
| 12:23 | Queue | Villager (Male) |
| 12:25 | Build | House |
| 12:44 | Build | Lumber Camp |
| 12:54 | Queue | Villager (Male) |
| 13:06 | Build | Palisade Wall |
| 13:08 | Build | Palisade Wall |
| 13:24 | Queue | Villager (Male) |
| 13:41 | Queue | Villager (Male) |
| 13:55 | Build | Archery Range |
| 13:59 | Research | Horse Collar |
| 13:59 | Research | Horse Collar |
| 14:14 | Queue | Villager (Male) |
| 14:17 | Build | Farm |
| 14:25 | Build | Farm |
| 14:39 | Queue | Villager (Male) |
| 14:41 | Build | Mining Camp |
| 14:59 | Build | Farm |
| 15:08 | Research | Wheelbarrow |
| 15:11 | Build | House |
| 15:13 | Build | Palisade Wall |
| 15:21 | Queue | Skirmisher |
| 15:44 | Build | Farm |
| 15:48 | Queue | Skirmisher |
| 15:51 | Build | Palisade Wall |
| 15:54 | Build | Palisade Wall |
| 15:58 | Queue | Skirmisher |
| 16:09 | Build | Farm |
| 16:36 | Research | Castle Age |
| 16:37 | Research | Castle Age |
| 17:01 | Build | Farm |
| 17:03 | Build | Farm |
| 17:05 | Build | Farm |
| 17:07 | Queue | Skirmisher |
| 17:17 | Build | Blacksmith |
| 17:34 | Queue | Skirmisher |
| 17:38 | Queue | Skirmisher |
| 17:58 | Build | House |
| 18:02 | Queue | Skirmisher |
| 18:07 | Research | Fletching |
| 18:08 | Research | Padded Archer Armor |
| 18:08 | Research | Padded Archer Armor |
| 18:18 | Build | Palisade Wall |
| 18:27 | Build | Market |
| 18:43 | Build | House |
| 18:44 | Queue | Villager (Male) |
| 18:44 | Queue | Villager (Male) |
| 18:55 | Queue | Skirmisher |
| 19:16 | Age | Castle Age |
| 19:19 | Research | Bodkin Arrow |
| 19:19 | Research | Bodkin Arrow |
| 19:47 | Queue | Villager (Male) |
| 19:49 | Research | Elite Skirmisher (upgrade) |
| 20:20 | Research | Bow Saw |
| 20:20 | Research | Bow Saw |
| 20:26 | Queue | Skirmisher |
| 20:56 | Build | Town Center |
| 21:01 | Queue | Villager (Male) |
| 21:09 | Build | Farm |
| 21:12 | Build | Farm |
| 21:13 | Build | Farm |
| 21:16 | Queue | Knight |
| 21:23 | Queue | Villager (Male) |
| 21:39 | Queue | Villager (Male) |
| 21:44 | Build | Monastery |
| 21:57 | Queue | Knight |
| 22:05 | Queue | Villager (Male) |
| 22:06 | Research | Scale Barding Armor |
| 22:15 | Build | Farm |
| 22:15 | Build | Farm |
| 22:23 | Build | Farm |
| 22:23 | Queue | Villager (Male) |
| 22:24 | Queue | Villager (Male) |
| 22:24 | Queue | Villager (Male) |
| 22:33 | Queue | Knight |
| 22:38 | Queue | Villager (Male) |
| 22:43 | Queue | Villager (Male) |
| 22:43 | Queue | Villager (Male) |
| 22:45 | Build | Farm |
| 22:48 | Build | Farm |
Build order — hK | Keno_
First 150 of 319 actions detected
| 0:02 | Build | House |
| 0:03 | Queue | Villager (Male) |
| 0:03 | Queue | Villager (Male) |
| 0:04 | Build | House |
| 0:10 | Queue | Villager (Male) |
| 0:16 | Queue | Villager (Male) |
| 1:20 | Queue | Villager (Male) |
| 1:47 | Build | Settlement |
| 1:55 | Queue | Villager (Male) |
| 1:55 | Queue | Villager (Male) |
| 2:10 | Queue | Villager (Male) |
| 2:11 | Queue | Villager (Male) |
| 2:40 | Queue | Villager (Male) |
| 2:56 | Queue | Villager (Male) |
| 2:57 | Queue | Villager (Male) |
| 3:28 | Queue | Villager (Male) |
| 3:28 | Queue | Villager (Male) |
| 3:58 | Queue | Villager (Male) |
| 4:28 | Queue | Villager (Male) |
| 4:31 | Build | Barracks |
| 4:46 | Queue | Villager (Male) |
| 4:46 | Queue | Villager (Male) |
| 5:05 | Queue | Villager (Male) |
| 5:05 | Queue | Villager (Male) |
| 5:14 | Queue | Villager (Male) |
| 5:31 | Queue | Unit 2550 |
| 5:31 | Queue | Unit 2550 |
| 5:55 | Queue | Villager (Male) |
| 6:07 | Build | Settlement |
| 6:18 | Queue | Unit 2550 |
| 6:19 | Queue | Villager (Male) |
| 6:45 | Queue | Villager (Male) |
| 6:46 | Queue | Villager (Male) |
| 7:35 | Queue | Villager (Male) |
| 7:47 | Build | Farm |
| 7:50 | Build | Farm |
| 8:01 | Research | Loom |
| 8:09 | Build | Farm |
| 8:33 | Build | Farm |
| 8:54 | Queue | Villager (Male) |
| 9:15 | Research | Feudal Age |
| 9:24 | Build | Settlement |
| 9:35 | Build | Palisade Wall |
| 9:37 | Build | Palisade Wall |
| 11:00 | Build | Palisade Wall |
| 11:00 | Build | Palisade Wall |
| 11:01 | Build | Palisade Wall |
| 11:01 | Build | Palisade Wall |
| 11:04 | Queue | Unit 2550 |
| 11:04 | Queue | Unit 2550 |
| 11:10 | Build | Palisade Wall |
| 11:11 | Build | Palisade Wall |
| 11:16 | Build | Palisade Wall |
| 11:17 | Build | Palisade Wall |
| 11:29 | Age | Feudal Age |
| 11:34 | Queue | Villager (Male) |
| 11:50 | Research | Tech 1402 |
| 11:59 | Queue | Villager (Male) |
| 12:12 | Queue | Spearman |
| 12:13 | Queue | Villager (Male) |
| 12:17 | Build | Archery Range |
| 12:31 | Queue | Spearman |
| 12:32 | Queue | Villager (Male) |
| 13:09 | Queue | Villager (Male) |
| 13:21 | Build | Blacksmith |
| 13:53 | Research | Castle Age |
| 14:21 | Queue | Archer |
| 14:32 | Build | Archery Range |
| 14:33 | Queue | Archer |
| 14:46 | Research | Double-Bit Axe |
| 15:06 | Build | Farm |
| 15:09 | Build | Farm |
| 15:28 | Queue | Archer |
| 15:41 | Queue | Archer |
| 15:41 | Queue | Archer |
| 15:45 | Build | Farm |
| 15:52 | Build | Farm |
| 15:58 | Build | Farm |
| 16:05 | Research | Fletching |
| 16:16 | Build | Farm |
| 16:31 | Build | Farm |
| 16:33 | Age | Castle Age |
| 16:37 | Research | Crossbowman (upgrade) |
| 16:37 | Queue | Archer |
| 16:40 | Queue | Archer |
| 16:58 | Queue | Villager (Male) |
| 17:10 | Build | Farm |
| 17:16 | Queue | Archer |
| 17:27 | Queue | Archer |
| 17:28 | Queue | Archer |
| 17:29 | Queue | Villager (Male) |
| 17:35 | Queue | Villager (Male) |
| 17:41 | Build | House |
| 17:42 | Build | House |
| 17:54 | Queue | Villager (Male) |
| 18:03 | Queue | Archer |
| 18:06 | Queue | Villager (Male) |
| 18:11 | Queue | Villager (Male) |
| 18:25 | Build | House |
| 18:28 | Build | Palisade Wall |
| 18:29 | Build | Palisade Wall |
| 18:51 | Build | Farm |
| 18:52 | Build | Farm |
| 19:01 | Research | Bodkin Arrow |
| 19:01 | Research | Bodkin Arrow |
| 19:01 | Queue | Archer |
| 19:01 | Queue | Archer |
| 19:02 | Queue | Archer |
| 19:04 | Build | Farm |
| 19:36 | Research | Tech 1402 |
| 19:36 | Research | Tech 1402 |
| 19:37 | Queue | Villager (Male) |
| 19:45 | Queue | Villager (Male) |
| 19:46 | Build | Barracks |
| 19:52 | Queue | Villager (Male) |
| 19:55 | Research | Scale Mail Armor |
| 19:57 | Build | Farm |
| 20:10 | Build | House |
| 20:11 | Queue | Villager (Male) |
| 20:47 | Queue | Unit 2550 |
| 20:49 | Research | Tech 1351 |
| 20:49 | Research | Tech 1351 |
| 20:50 | Queue | Villager (Male) |
| 21:07 | Build | Farm |
| 21:08 | Build | Farm |
| 21:14 | Build | Farm |
| 21:18 | Queue | Unit 2550 |
| 21:19 | Queue | Unit 2550 |
| 21:23 | Queue | Archer |
| 21:24 | Queue | Archer |
| 21:38 | Queue | Villager (Male) |
| 21:55 | Queue | Unit 2550 |
| 21:56 | Queue | Unit 2550 |
| 21:57 | Queue | Unit 2550 |
| 21:57 | Queue | Unit 2550 |
| 22:00 | Queue | Villager (Male) |
| 22:06 | Build | Town Center |
| 22:24 | Queue | Unit 2550 |
| 22:27 | Queue | Unit 2550 |
| 22:39 | Queue | Archer |
| 22:39 | Queue | Villager (Male) |
| 22:41 | Queue | Villager (Male) |
| 22:48 | Queue | Archer |
| 22:49 | Queue | Unit 2550 |
| 22:50 | Queue | Unit 2550 |
| 22:50 | Queue | Unit 2550 |
| 22:59 | Build | Monastery |
| 23:07 | Queue | Unit 2550 |
| 23:08 | Queue | Unit 2550 |
| 23:27 | Queue | Unit 2550 |
Match timeline
| 3:52 | bruh · wall_segment Palisade Wall x1 |
| 4:31 | hK | Keno_ · first_building Barracks |
| 7:37 | bruh · first_building Barracks |
| 7:43 | bruh · wall_segment Palisade Wall x1 |
| 7:45 | bruh · wall_segment Palisade Wall x1 |
| 8:44 | bruh · wall_segment Palisade Wall x1 |
| 8:50 | bruh · age_up feudal |
| 9:02 | bruh · first_building Stable |
| 9:35 | hK | Keno_ · wall_segment Palisade Wall x5 |
| 9:37 | hK | Keno_ · wall_segment Palisade Wall x4 |
| 9:49 | bruh · wall_segment Palisade Wall x1 |
| 9:52 | bruh · wall_segment Palisade Wall x1 |
| 10:10 | bruh · wall_segment Palisade Wall x1 |
| 10:18 | bruh · wall_segment Palisade Wall x1 |
| 10:47 | bruh · wall_segment Palisade Wall x3 |
| 11:00 | hK | Keno_ · wall_segment Palisade Wall x1 |
| 11:00 | hK | Keno_ · wall_segment Palisade Wall x1 |
| 11:01 | hK | Keno_ · wall_segment Palisade Wall x1 |
| 11:01 | hK | Keno_ · wall_segment Palisade Wall x1 |
| 11:10 | hK | Keno_ · wall_segment Palisade Wall x2 |
| 11:11 | hK | Keno_ · wall_segment Palisade Wall x3 |
| 11:16 | hK | Keno_ · wall_segment Palisade Wall x1 |
| 11:17 | hK | Keno_ · wall_segment Palisade Wall x1 |
| 11:29 | hK | Keno_ · age_up feudal |
| 11:39 | bruh · wall_segment Palisade Wall x9 |
| 12:17 | hK | Keno_ · first_building Archery Range |
| 13:06 | bruh · wall_segment Palisade Wall x4 |
| 13:08 | bruh · wall_segment Palisade Wall x7 |
| 13:55 | bruh · first_building Archery Range |
| 15:13 | bruh · wall_segment Palisade Wall x13 |
| 15:51 | bruh · wall_segment Palisade Wall x1 |
| 15:54 | bruh · wall_segment Palisade Wall x1 |
| 16:33 | hK | Keno_ · age_up castle |
| 18:18 | bruh · wall_segment Palisade Wall x1 |
| 18:28 | hK | Keno_ · wall_segment Palisade Wall x1 |
| 18:29 | hK | Keno_ · wall_segment Palisade Wall x1 |
| 19:16 | bruh · age_up castle |
| 21:44 | bruh · first_building Monastery |
| 22:59 | hK | Keno_ · first_building Monastery |
| 24:09 | bruh · first_market_sell 100 wood |
| 30:10 | hK | Keno_ · first_market_buy 100 stone |
| 30:27 | hK | Keno_ · first_building Castle |
| 31:43 | hK | Keno_ · wall_segment Palisade Wall x1 |
| 31:47 | hK | Keno_ · wall_segment Palisade Wall x1 |
| 32:37 | hK | Keno_ · first_market_sell 500 wood |
| 33:09 | bruh · first_building Siege Workshop |
| 34:57 | bruh · first_market_buy 100 stone |
| 35:03 | bruh · first_building Castle |
| 35:49 | bruh · age_up imperial |
| 35:49 | hK | Keno_ · wall_segment Stone Wall x10 |
| 36:03 | hK | Keno_ · resign |
[ AI ANALYSIS · 1 CREDIT ]
What really happened in this match?
Wolo.gg analyzes every decision: build order, eco, micro, common mistakes by bracket. Personalized analysis on WhatsApp or Discord in 30 seconds.
Civ guide
Romans
Perfil
Jugador #2135484